 Dungeon Crawl Stone Soup version 0.29-a0-323-g050149af67 (webtiles) character file.

Game seed: 16424439411167872306

9 Essalna the Magician (level 2, -1/21 HPs)
             Began as a Djinni Conjurer on Apr 11, 2022.
             Frozen to death by an endoplasm (6 damage)
             ... on level 1 of the Dungeon.
             The game lasted 00:00:25 (191 turns).

Essalna the Magician (Djinni Conjurer)               Turns: 191, Time: 00:00:25

Health: -1/21      AC:  2    Str:  6    XL:     2   Next: 25%
Gold:   0          EV: 12    Int: 19    God:
                   SH:  0    Dex: 11

rFire   + + .      SeeInvis .   (no weapon)
rCold   x . .      Faith    .   (no shield)
rNeg    . . .      Spirit   .   a - +0 robe
rPois   ∞          Reflect  .   (no helmet)
rElec   .          Harm     .   (no cloak)
rCorr   .          Rampage  .   (no gloves)
Will    +....                   (boots unavailable)
Stlth   ++........              (no amulet)
HPRegen 0.07/turn               e - ring of willpower
MPRegen 0.00/turn               (no ring)

@: flying
A: sickness immunity, fire resistance 2, cold vulnerability 1, float, innate
caster, HP casting, extra vitality 1
a: no special abilities


You were on level 1 of the Dungeon.
You visited 1 branch of the dungeon, and saw 1 of its levels.

Inventory:

Armour
 a - a +0 robe (worn)
Jewellery
 e - a ring of willpower (left hand)
Scrolls
 b - a scroll of enchant armour {unknown}
Potions
 c - a potion of degeneration {unknown}
 d - a potion of invisibility {unknown}


   Skills:
 - Level 2.1 Dodging
 - Level 1.5 Stealth
 + Level 3.6 Spellcasting


You couldn't memorise any spells.
You knew the following spells:

 Your Spells              Type           Power      Damage    Failure   Level
a - Magic Dart            Conj           68%        1d6       3%          1
b - Searing Ray           Conj           34%        2d5       4%          2
c - Dazzling Flash        Conj/Hex       34%        N/A       10%         3
d - Fulminant Prism       Conj/Hex       8%         3d7       32%         4
e - Iskenderun's Mystic   Conj/Tloc      17%        2d5       32%         4
Your spell library was empty.

Dungeon Overview and Level Annotations

Branches:
Dungeon (1/15)

Altars:


Innate Abilities, Weirdness & Mutations

You are immune to sickness and miasma.
You are immune to poison.
Your flesh is very heat resistant. (rF++)
You are vulnerable to cold. (rC-)
You float through the air rather than walking.
You learn spells naturally, not from books.
Your magical power is your life essence.
You have superior vitality. (+4 MHP)


Message History

Press: ? - help, Shift-Dir - straight line, f/p - jackal
Aim: a jackal (moderately wounded, 100% to hit)
The magic dart hits the jackal.
You kill the jackal!
The jackal bites you.
Casting: Magic Dart (safe; 3% risk of failure)
Confirm with . or Enter, or press ? or * to list all spells.
Aiming: Magic Dart (safe; 3% risk of failure)
Press: ? - help, Shift-Dir - straight line, f/p - jackal
Aim: a jackal (moderately wounded, 100% to hit)
The magic dart hits the jackal.
The jackal is almost dead.
The jackal bites you.
Casting: Magic Dart (safe; 3% risk of failure)
Confirm with . or Enter, or press ? or * to list all spells.
Aiming: Magic Dart (safe; 3% risk of failure)
Press: ? - help, Shift-Dir - straight line, f/p - jackal
Aim: a jackal (almost dead, 100% to hit)
The magic dart hits the jackal.
You kill the jackal!
Casting: Magic Dart (safe; 3% risk of failure)
Confirm with . or Enter, or press ? or * to list all spells.
Aiming: Magic Dart (safe; 3% risk of failure)
Press: ? - help, Shift-Dir - straight line, f - endoplasm
Aim: an endoplasm (100% to hit)
The magic dart hits the endoplasm.
The endoplasm is lightly wounded.
* * * LOW HITPOINT WARNING * * *
The endoplasm closely misses you.
Casting: Magic Dart (safe; 3% risk of failure)
Confirm with . or Enter, or press ? or * to list all spells.
Aiming: Magic Dart (safe; 3% risk of failure)
Press: ? - help, Shift-Dir - straight line, f/p - endoplasm
Aim: an endoplasm (lightly wounded, 100% to hit)
The magic dart hits the endoplasm.
The endoplasm is moderately wounded.
* * * LOW HITPOINT WARNING * * *
The endoplasm freezes you.
You are frozen.
You feel a terrible chill!
You die...

####### #.....#
#########.....########
..............@Jh†....
........#.....#######.
........########
######.........#
#...##....#
#.........#
#..#.†....#
#.........#
###.......#


You could see an endoplasm and a jackal.

Vanquished Creatures
  3 jackals (D:1)
  A ball python (D:1)
  4 bats (D:1)
  A kobold (D:1)
9 creatures vanquished.

Notes
Turn   | Place    | Note
-------+----------+-------------------------------------------
     0 | D:1      | Essalna the Djinni Conjurer began the quest for the Orb.
     0 | D:1      | Reached XP level 1. HP: 15/15 MP: 0/0
   182 | D:1      | Reached XP level 2. HP: 16/21 MP: 0/0
   191 | D:1      | Frozen to death by an endoplasm

Illustrated notes

Levels and vault maps discovered:
D:1:      dpeg_arrival_solitude, layout_basic, basic_ecumenical_altar,
          minmay_misc_feat_encased

Action                   || total
-------------------------++-------
 Cast: Magic Dart        ||    21
Dodge: Dodged            ||     3

Table legend: (Time is in decaauts)
 A = Elapsed time spent in this place.
 B = Non-inter-level travel time spent in this place.
 C = Inter-level travel time spent in this place.
 D = Time resting spent in this place.
 E = Time spent auto-exploring this place.
 F = Levels seen in this place.
 G = Mean time per level.
                   A        B        C        D        E       F      G
               +--------+--------+--------+--------+--------+-----+--------+
         Total |    190 |    190 |      0 |      0 |    153 |   1 |  190.0 |
       Dungeon |    190 |    190 |      0 |      0 |    153 |   1 |  190.0 |
               +--------+--------+--------+--------+--------+-----+--------+

Top non-repeatable levels by time:
     D:1: 190 daAuts
